Description

From ByuN vs Dark Game 5 Blizzcon Final 2016

Replay - ByuN v Dark: Game 5 - King Sejong Station LE

Build Order

Get SALT Encoding   

  12  0:00  SCV  
  13  0:12  SCV  
  14  0:17  Supply Depot  
  14  0:24  SCV  
  15  0:38  SCV  
  15  0:39  Barracks  
  16  0:44  Refinery  
  16  0:50  SCV  
  17  1:02  SCV  
  18  1:14  SCV  
  19  1:26  Orbital Command, Reaper  
  20  1:39  Command Center  
  20  1:50  Barracks  
  20  1:53  SCV  
  21  1:59  Barracks Reactor  
  21  2:03  Supply Depot  
  21  2:06  SCV  
  22  2:12  Refinery  
  22  2:18  SCV  
  23  2:24  Factory  
  23  2:30  SCV  
  23  2:35  Marine x2  
  26  2:37  Barracks Tech Lab  
  26  2:42  SCV  
  27  2:51  Orbital Command  
  27  2:55  SCV  
  27  2:58  Stimpack  
  28  3:00  Marine x2  
  28  3:03  Marine  
  31  3:07  SCV  
  32  3:15  Starport  
  32  3:18  Marine x2  
  32  3:19  Factory Reactor  
  34  3:24  SCV  
  34  3:25  SCV  
  36  3:32  Marine  
  37  3:36  Marine x2  
  37  3:37  SCV  
  37  3:38  SCV  
  41  3:42  Supply Depot  
  41  3:48  Supply Depot  
  41  3:50  Marine  
  41  3:54  Marine x2  
  41  3:55  SCV x2  
  46  4:03  Medivac x2  
  46  4:07  Marine  
  51  4:11  Engineering Bay  
  51  4:13  Marine  
  51  4:14  Marine  
  53  4:17  SCV  
  53  4:18  SCV  
  53  4:19  Factory Tech Lab  
  53  4:23  Refinery  
  55  4:25  Supply Depot, Marine  
  55  4:30  SCV  
  57  4:31  Marine x2  
  57  4:32  SCV  
  60  4:38  Supply Depot  
  60  4:40  Terran Infantry Weapons Level 1  
  60  4:47  Siege Tank  
  60  4:50  Marine x3  
  66  4:56  Supply Depot, SCV x2  
  68  5:08  SCV x2, Marine x3, Combat Shields  
  73  5:19  Siege Tank  
  73  5:20  Supply Depot  
  76  5:23  SCV x2  
  76  5:26  Marine x3  
  83  5:35  Medivac  
  83  5:36  Medivac  
  84  5:43  Marine  
  84  5:44  Supply Depot, Marine x2  
  87  5:55  Command Center  
  87  6:01  Marine x2  
  87  6:02  SCV x2, Marine, Factory Reactor  
  92  6:19  Marine x3  
  92  6:22  Barracks  
  92  6:23  Barracks  
  95  6:34  Terran Infantry Armor Level 1  
  95  6:35  SCV x2  
  95  6:36  Barracks  
  95  6:37  Marine x3  
  92  6:55  Marine x3  
  85  7:02  Medivac x2  
  85  7:08  Refinery, Factory Reactor  
  89  7:11  SCV x2  
  89  7:12  Marine, Armory  
  89  7:13  Marine x2  
  89  7:14  Engineering Bay, Orbital Command  
  89  7:15  Barracks Reactor  
  94  7:16  Barracks Reactor  
  94  7:20  Liberator x2  
  94  7:30  SCV x2, Marine x2  
  94  7:31  Marine  
  94  7:32  Supply Depot  
  94  7:36  Marine x2  
  101  7:43  Orbital Command  
  107  7:49  Marauder  
  107  7:50  Marine  
  100  7:51  Marine  
  100  7:52  Marine  
  100  7:54  Marine x2  
  100  7:55  Widow Mine x2  
  100  7:56  Orbital Command  
  103  8:00  Terran Infantry Weapons Level 2  
  103  8:09  SCV x2  
  103  8:10  Marauder  
  107  8:17  Marine x5  
  112  8:22  Marine  
  112  8:23  Marine  
  112  8:26  Marine  
  115  8:29  Widow Mine  
  115  8:30  Widow Mine  
  119  8:38  SCV x3  
  122  8:47  Supply Depot x2  
  112  8:50  SCV x2  
  112  8:51  Marine x3  
  112  8:52  Marine  
  112  8:53  Marine x2  
  119  9:04  Marine, Widow Mine x2  
  119  9:05  Marine  
  119  9:07  Marine  
  119  9:08  SCV x2  
  119  9:09  SCV  
  127  9:11  Medivac  
  127  9:12  Medivac  
  127  9:15  Marine x2  
  127  9:16  Marine x3  
  136  9:20  Supply Depot  
  136  9:22  Supply Depot  
  136  9:25  Marauder  
  136  9:27  Marine x3  
  141  9:38  Supply Depot  
  141  9:39  Supply Depot  
  141  9:41  Marine x4, Widow Mine x2  
  141  9:43  Marine  
  150  9:46  Marauder  
  150  9:50  Marine x2  
  153  9:53  Liberator x2  
  153  9:56  Terran Infantry Armor Level 2  
  150  10:02  Barracks  
  150  10:05  Barracks  
  150  10:06  Barracks  
Spawning Tool Build Advisor. Get it on Overwolf

Go to:

Details

  • Created by: cjbprime
  • Published on: Nov 11, 2016
  • Modified on: Nov 11, 2016
  • Patch: Pre-3.8.0
Show
View Real Time Build Order
Export as new Build Order

Comments (0)

There are no comments. Be the first!

Create an account to comment!